 Dungeon Crawl Stone Soup version 0.30-a0-5-g3a90980b9d (webtiles) character file.

Game seed: 18414638551146745690

73 Ijustatesigmund the Firebug (level 4, 0/36 HPs)
             Began as a Hill Orc Fire Elementalist on Aug 22, 2022.
             Slain by an orc wizard
             ... wielding a +0 dagger
              (1 damage)
             ... on level 2 of the Dungeon.
             The game lasted 00:06:18 (2497 turns).

Ijustatesigmund the Firebug (HOFE)                  Turns: 2497, Time: 00:06:18

Health: 0/36       AC:  3    Str: 10    XL:     4   Next: 27%
Magic:  6/7        EV: 11    Int: 17    God:
Gold:   80         SH:  3    Dex: 11    Spells: 4/7 levels left

rFire   . . .      SeeInvis .    d - +0 war axe
rCold   . . .      Faith    .    j - +0 buckler
rNeg    . . .      Spirit   .    a - +0 robe
rPois   .          Reflect  .    (no helmet)
rElec   .          Harm     .    (no cloak)
rCorr   .          Rampage  .    c - +0 pair of gloves
Will    .....                    (no boots)
Stlth   ++........               (no amulet)
HPRegen 0.12/turn                (no ring)
MPRegen 0.10/turn                (no ring)

@: no status effects
A: no striking features
a: no special abilities


You were on level 2 of the Dungeon.
You visited 1 branch of the dungeon, and saw 3 of its levels.

You collected 122 gold pieces.
You spent 42 gold pieces at shops.

Inventory:

Hand Weapons
 d - a +0 war axe (weapon)
Armour
 a - a +0 robe (worn)
 c - a +0 pair of gloves (worn)
 j - a +0 buckler (worn)
Potions
 b - a potion of magic
 e - a potion of lignification {unknown}
 f - a potion of haste
 g - a potion of heal wounds {unknown}
 h - a potion of ambrosia


   Skills:
 - Level 2.0 Fighting
 + Level 0.2 Axes
 - Level 1.5 Dodging
 - Level 1.5 Stealth
 + Level 0.3 Shields
 - Level 2.1 Spellcasting
 - Level 2.0 Conjurations
 - Level 3.8 Fire Magic


You had 4 spell levels left.
You knew the following spells:

 Your Spells              Type           Power      Damage    Failure   Level
a - Foxfire               Conj/Fire      44%        2x1d6     8%          1
b - Scorch                Fire           30%        2d7       8%          2

Your spell library contained the following spells:

 Spells                   Type           Power      Damage    Failure   Level
 Conjure Flame            Conj/Fire      11%        6-21      24%         3
 Inner Flame              Hex/Fire       8%         N/A       34%         3
 Flame Wave               Conj/Fire      11%        2d6       61%         4


Dungeon Overview and Level Annotations

Branches:
Dungeon (3/15)

Altars:

Shops:
D:1 :!==   D:2 [


Message History

The orc is heavily wounded.
The orc's fire resistance burns away.
The orc wizard casts a spell at you.
You are confused.
The orc hits you with a +0 whip.
The orc wizard hits you but does no damage.
The orc hits you with a +0 whip.
You're too confused to cast spells.
You're too confused to cast spells.
You're too confused to cast spells.
You bump into the rock wall.
The orc wizard casts a spell at you. The magic dart hits you.
The orc hits you with a +0 whip.
You're too confused to move!
The orc wizard mumbles some strange words.
The orc wizard flickers and vanishes!
Deactivating autopickup; reactivate with Ctrl-A.
The orc barely misses you.
You feel better.
The orc is no longer more vulnerable to fire.
Something hits you. The orc hits you with a +0 whip.
You completely miss something. You hit the orc. Something hits you.
The orc hits you with a +0 whip.
You slash something! You closely miss the orc.
Something hits you but does no damage. The orc misses you. Something hits you.
The orc barely misses you.
You miss something. You hit the orc.
You kill the orc!
Something hits you.
* * * LOW HITPOINT WARNING * * *
You barely miss something.
You hear some strange, mumbled words.
A magic dart appears from out of thin air!
The magic dart hits you!
* * * LOW HITPOINT WARNING * * *
Something hits you.
* * * LOW HITPOINT WARNING * * *
Okay, then.
You miss something. Something hits you.
You die...

#################
#....##)........# ####
#....#@.........# #...
#....#.{........####...
#....#.#####.......#...
##....'.# #........#...
#.....#.####............
#.).#.....##.......#....
#...####..##.......#....
#...####..##.......###..
#...##....##.(..........


There were no monsters in sight!

Vanquished Creatures
  2 adders (D:2)
  An orc (D:2)
  6 ball pythons (D:1)
  11 endoplasms
  A giant cockroach (D:1)
  4 goblins
  A hobgoblin (D:1)
  4 jackals (D:1)
  5 kobolds
  3 quokkas
  3 bats
  2 frilled lizards (D:1)
  3 rats (D:1)
46 creatures vanquished.

Vanquished Creatures (others)
  108 foxfires
108 creatures vanquished.

Grand Total: 154 creatures vanquished

Notes
Turn   | Place    | Note
-------+----------+-------------------------------------------
     0 | D:1      | Ijustatesigmund the Hill Orc Fire Elementalist began the
                  | quest for the Orb.
     0 | D:1      | Reached XP level 1. HP: 14/14 MP: 3/3
    11 | D:1      | Found a faded altar of an unknown god.
   231 | D:1      | Reached XP level 2. HP: 18/22 MP: 1/4
   397 | D:1      | Found Caiqas's Jewellery Emporium.
   421 | D:1      | Reached skill level 1 in Fighting
   830 | D:1      | Found Pisir's Distillery.
   876 | D:1      | Reached XP level 3. HP: 28/28 MP: 2/5
   995 | D:1      | Found Zocwefaj's Book Boutique.
  1303 | D:1      | Found Fueneakh's Jewellery Shoppe.
  1561 | D:1      | Bought a potion of curing for 42 gold pieces
  1607 | D:2      | Reached XP level 4. HP: 15/36 MP: 0/7
  2199 | D:2      | Learned a level 2 spell: Scorch
  2282 | D:2      | Found Iseklot's Antique Armour Shop.
  2496 | D:2      | HP: 1/36 [something (1)]
  2497 | D:2      | Slain by an orc wizard

Illustrated notes

Levels and vault maps discovered:
D:1:      lemuel_arrival_cross, layout_loops_corners, serial_shops,
          nicolae_shop_behind_doors, nicolae_shop_crystal, shop, shop,
          dreamdust_ecumenical_altar_statues
D:2:      layout_basic, serial_shops, shop
D:3:      layout_basic, serial_park_tiny_1

Skill      XL: |  1  2  3  4 |
---------------+-------------+-----
Fighting       | 1 2 |  2.0
Spellcasting   | 2 |  2.1
Conjurations   | 2 |  2.0
Axes           | |  0.2
Dodging        | |  1.5
Stealth        | |  1.5
Shields        | |  0.3
Fire Magic     | |  3.8

Action                   |  1- 3 |  4- 6 || total
-------------------------+-------+-------++-------
Melee: Short sword       |    12 |     3 ||    15
       War axe           |       |     6 ||     6
       Dagger            |       |     3 ||     3
       Punch             |       |     1 ||     1
 Cast: Foxfire           |    58 |    10 ||    68
       Scorch            |       |     2 ||     2
  Use: Scroll            |     3 |     4 ||     7
       Potion            |       |     1 ||     1
Armor: Robe              |    11 |    10 ||    21
Dodge: Dodged            |    26 |    11 ||    37
Block: Buckler           |       |     1 ||     1

Table legend: (Time is in decaauts)
 A = Elapsed time spent in this place.
 B = Non-inter-level travel time spent in this place.
 C = Inter-level travel time spent in this place.
 D = Time resting spent in this place.
 E = Time spent auto-exploring this place.
 F = Levels seen in this place.
 G = Mean time per level.
                   A        B        C        D        E       F      G
               +--------+--------+--------+--------+--------+-----+--------+
         Total |   2500 |   2385 |    115 |    408 |   1650 |   3 |  833.3 |
       Dungeon |   2500 |   2385 |    115 |    408 |   1650 |   3 |  833.3 |
               +--------+--------+--------+--------+--------+-----+--------+

Top non-repeatable levels by time:
     D:1: 1743 daAuts
     D:2: 755 daAuts
     D:3: 1 daAuts
